 Dungeon Crawl Stone Soup version 0.29.1-1-gd02db6906a (webtiles) character file.

Game seed: 16963151509463527725

2983 Ashen the Chiller (level 9, -7/62 (67) HPs)
             Began as a Demonspawn Ice Elementalist on Sept 28, 2022.
             Mangled by a wight
             ... wielding a +0 scimitar
              (11 damage)
             ... on level 8 of the Dungeon.
             The game lasted 00:18:57 (8818 turns).

Ashen the Chiller (Demonspawn Ice Elementalist)     Turns: 8818, Time: 00:18:57

HP:   -7/62 (67)    AC:  8    Str:  8    XL:     9   Next: 53%
MP:   10/19         EV: 13    Int: 28    God:
Gold: 382           SH:  0    Dex: 13    Spells: 10/21 levels left

rFire   . . .      SeeInvis .   y - +10 whip of Fas Kian {freeze, rCorr}
rCold   . . .      Faith    .   (no shield)
rNeg    . . .      Spirit   .   j - +0 robe {Will+}
rPois   .          Reflect  .   k - +2 hat
rElec   .          Harm     .   a - +0 cloak
rCorr   +          Rampage  .   (no gloves)
Will    +....                   (no boots)
Stlth   +++.......              v - amulet of magic regeneration
HPRegen 0.20/turn               q - +6 ring of intelligence
MPRegen 0.56/turn               n - ring of wizardry

@: very slightly contaminated, drained
A: yellow scales 2, powered by pain 1
a: no special abilities


You were on level 8 of the Dungeon.
You visited 1 branch of the dungeon, and saw 8 of its levels.
You also visited: Sewer and Ossuary.

You collected 382 gold pieces.

Inventory:

Hand Weapons
 d - a +0 short sword
 r - a +0 long sword
 y - the +10 whip of Fas Kian (weapon) {freeze, rCorr}
   (You found it in a sewer)

   It freezes those it strikes, dealing additional cold damage.
   It can also slow down cold-blooded creatures.
   rCorr:     It protects you from acid and corrosion.
 N - a +7 dire flail of draining
 O - a +2 dagger of venom
Missiles
 e - 10 poisoned darts
 E - 2 throwing nets
Armour
 a - a +0 cloak (worn)
 c - a +0 leather armour
 j - a +0 robe of willpower (worn)
 k - a +2 hat (worn)
Jewellery
 n - a ring of wizardry (right hand)
 q - a +6 ring of intelligence (left hand)
 v - an amulet of magic regeneration (around neck)
Wands
 G - a wand of mindburst (30)
 H - a wand of quicksilver (14)
Scrolls
 g - a scroll of teleportation
 h - a scroll of amnesia {unknown}
 l - a scroll of immolation
 m - 2 scrolls of identify
 o - 2 scrolls of magic mapping
 s - 4 scrolls of enchant weapon {unknown}
 u - 2 scrolls of blinking
 C - a scroll of fear
 K - 2 scrolls of fog {unknown}
 L - a scroll of acquirement {unknown}
 M - a scroll of vulnerability {unknown}
Potions
 b - 3 potions of magic
 f - 3 potions of mutation
 i - 2 potions of flight
 p - 4 potions of lignification
 t - 2 potions of invisibility
 w - 4 potions of curing
 x - a potion of experience
 z - a potion of resistance
 A - a potion of heal wounds
 B - a potion of brilliance
 D - a potion of haste
 F - 3 potions of might
 I - 2 potions of cancellation
 J - 2 potions of attraction


   Skills:
 + Level 4.8 Fighting
 + Level 4.9 Dodging
 - Level 5.0 Stealth
 * Level 6.9 Spellcasting
 * Level 7.5 Ice Magic


You had 10 spell levels left.
You knew the following spells:

 Your Spells              Type           Power      Damage    Failure   Level
a - Freeze                Ice            100%       1d11      1%          1
b - Frozen Ramparts       Ice            100%       1d16      1%          3
c - Ozocubu's Armour      Ice            51%        N/A       1%          3
d - Hailstorm             Conj/Ice       30%        3d8       4%          4

Your spell library contained the following spells:

 Spells                   Type           Power      Damage    Failure   Level
 Apportation              Tloc           18%        N/A       2%          1
 Blink                    Tloc           18%        N/A       3%          2
 Sublimation of Blood     Necr           9%         N/A       3%          2
 Wereblood                Tmut           9%         N/A       3%          2
 Alistair's Intoxication  Tmut/Pois      6%         N/A       50%         5
 Manifold Assault         Tloc           9%         N/A       50%         5
 Storm Form               Tmut/Air       4%         N/A       100%        7
 Summon Hydra             Summ           4%         N/A       100%        7


Dungeon Overview and Level Annotations

Branches:
Dungeon (8/15)             Temple (0/1) D:7           Sewer (visited)
Ossuary (visited)
   Lair: D:8-11

Altars:
Fedhas
Hepliaklqana
Sif Muna
Xom
Yredelemnul

Annotations:
D:2 exclusion: necrophage
D:6 Grinder


Innate Abilities, Weirdness & Mutations

You are mostly covered in yellow scales. (AC +3)
You sometimes gain a little power by taking damage.


Message History

Casting: Hailstorm (dangerous; 4% risk of failure)
Press: ? - help, Dir - look around, f - activate A cannonade of hail descends around you!
The hail pelts the wight.
The wight partially resists.
The wight is heavily damaged.
The hail pelts the wight.
The wight is lightly damaged.
The wight closely misses you.
Casting: Hailstorm (dangerous; 4% risk of failure)
Confirm with . or Enter, or press ? or * to list all spells.
Casting: Hailstorm (dangerous; 4% risk of failure)
Press: ? - help, Dir - look around, f - activate You miscast Hailstorm.
You are very lightly contaminated with residual magic.
Nothing appears to happen.
The wight misses you.
Unknown command.
Casting: Hailstorm (dangerous; 4% risk of failure)
Confirm with . or Enter, or press ? or * to list all spells.
Casting: Hailstorm (dangerous; 4% risk of failure)
Press: ? - help, Dir - look around, f - activate A cannonade of hail descends around you!
The hail pelts the wight.
The wight partially resists.
The wight is almost destroyed.
The hail pelts the wight!
The wight partially resists.
The wight is heavily damaged.
The wight hits you with a +5 flail of freezing!
You feel drained. The wight freezes you.
The wight hits you from afar with a +0 halberd!
The wight attacks as you move away!
The wight hits you with a +5 flail of freezing!
The wight freezes you. The wight attacks as you move away!
The wight hits you with a +5 flail of freezing!
* * * LOW HITPOINT WARNING * * *
You feel drained.
* * * LOW HITPOINT WARNING * * *
The wight freezes you!
* * * LOW HITPOINT WARNING * * *
The wight attacks as you move away! The wight hits you with a +0 scimitar!
You die...

####### ...... .....
####.?.###+#
#..........
#........
#......#######
##...#...#@.......#
.........#zz......#
.......$.#z.......#
..............###...
..............#
......>......#
.#..........#
.#.<.....####
.'.......†..#


You could see 3 wights.

Vanquished Creatures
  A wyvern (D:7)
  Edmund (D:6)
  Duvessa (D:7)
  A water moccasin (D:7)
  2 sky beasts
  A black bear (D:6)
  An ice beast (D:6)
  3 centaurs
  2 phantoms
  An ogre (D:6)
  3 bullfrogs
  3 water moccasin zombies (Ossuary)
  2 scorpions (D:5)
  Dowan (D:7)
  6 howler monkeys
  A human zombie (D:7)
  4 jellies
  An orc priest (D:7)
  A gnoll bouda (D:4)
  2 hounds
  2 iguanas
  6 orc wizards
  2 mummies (Ossuary)
  Robin (D:4)
  4 gnolls
  15 adders
  A river rat (Sewer)
  A shadow imp (D:6)
  2 white imps (D:7)
  2 ufetubi
  7 adder zombies (Ossuary)
  A worm (D:4)
  A dart slug (D:2)
  19 orcs
  12 ball pythons
  16 endoplasms
  13 giant cockroaches
  6 gnoll zombies (Ossuary)
  11 goblins
  14 hobgoblins
  7 jackals
  4 quokkas
  5 bats
  10 frilled lizards
  4 hobgoblin zombies (Ossuary)
  6 kobolds
  A kobold skeleton (D:7)
  4 kobold zombies (Ossuary)
  6 orc zombies (Ossuary)
  12 rats
233 creatures vanquished.

Vanquished Creatures (others)
  A human (D:7)
  A jelly (D:7)
  3 orcs (D:7)
  2 fungi (D:4)
  4 plants
11 creatures vanquished.

Grand Total: 244 creatures vanquished

Notes
Turn   | Place    | Note
-------+----------+-------------------------------------------
     0 | D:1      | Ashen the Demonspawn Ice Elementalist began the quest for
                  | the Orb.
     0 | D:1      | Reached XP level 1. HP: 13/13 MP: 3/3
   340 | D:1      | Gained mutation: You are partially covered in yellow
                  | scales. (AC +2) [demonic ancestry]
   340 | D:1      | Reached XP level 2. HP: 12/19 MP: 0/5
  1413 | D:1      | Gained mutation: You are mostly covered in yellow scales.
                  | (AC +3) [demonic ancestry]
  1413 | D:1      | Reached XP level 3. HP: 23/25 MP: 1/6
  1427 | D:1      | Learned a level 3 spell: Frozen Ramparts
  1431 | D:1      | Learned a level 3 spell: Ozocubu's Armour
  1464 | D:2      | Reached skill level 4 in Ice Magic
  1913 | D:2      | Noticed a necrophage
  2112 | D:2      | Reached skill level 1 in Fighting
  2112 | D:2      | Reached XP level 4. HP: 27/32 MP: 5/8
  2369 | D:2      | Found a faded altar of an unknown god.
  3411 | D:4      | Gained mutation: You sometimes gain a little power by
                  | taking damage. [demonic ancestry]
  3411 | D:4      | Reached XP level 5. HP: 37/37 MP: 7/9
  3427 | D:4      | Found a glowing drain.
  3440 | Sewer    | Entered a sewer
  3745 | Sewer    | Identified the +10 whip of Fas Kian {freeze, rCorr}
  3815 | Sewer    | Found a viscous altar of Jiyva.
  3948 | Sewer    | Reached XP level 6. HP: 37/44 MP: 11/11
  4138 | D:4      | Noticed Robin
  4143 | D:4      | Killed Robin
  4281 | D:4      | Found a blossoming altar of Fedhas.
  4567 | D:4      | Found a shimmering blue altar of Sif Muna.
  4600 | D:4      | Reached skill level 5 in Ice Magic
  4796 | D:5      | Entered Level 5 of the Dungeon
  4910 | D:5      | Reached XP level 7. HP: 51/51 MP: 13/13
  5734 | D:6      | Reached XP level 8. HP: 42/58 MP: 15/15
  5759 | D:6      | Reached skill level 5 in Spellcasting
  5772 | D:6      | Found a sand-covered staircase.
  5777 | Ossuary  | Entered an ossuary
  6051 | Ossuary  | Reached skill level 6 in Ice Magic
  6078 | Ossuary  | Learned a level 4 spell: Hailstorm
  6216 | D:6      | Noticed Edmund
  6720 | D:6      | Noticed Grinder
  6863 | D:6      | Killed Edmund
  7234 | D:7      | Noticed Dowan
  7252 | D:7      | Reached XP level 9. HP: 26/65 MP: 15/18
  7252 | D:7      | Noticed Duvessa
  7505 | D:7      | Reached skill level 7 in Ice Magic
  7527 | D:7      | Found a hazy altar of Hepliaklqana.
  7640 | D:7      | Found a runed translucent door.
  7651 | D:7      | Found a basalt altar of Yredelemnul.
  7667 | D:7      | Killed Dowan
  7776 | D:7      | Reached skill level 5 in Stealth
  7847 | D:7      | Found a shimmering altar of Xom.
  8205 | D:7      | Found a staircase to the Ecumenical Temple.
  8399 | D:7      | Killed Duvessa
  8818 | D:8      | Mangled by a wight

Illustrated notes

Levels and vault maps discovered:
D:1:      scummos_arrival_star, layout_basic, minmay_misc_feat_pillars
D:2:      layout_loops_cross, chequers_ecumenical_altar_island
D:3:      wad_crossroads, layout_rooms
D:4:      layout_loops_cross, fedhas_altar_3, mainiacjoe_overflow_alcove_1,
          portal_sewer_entry_d, uniq_robin
D:5:      layout_gridville, serial_rivers, chequers_serial_rivers_micro_a,
          chequers_serial_rivers_room_a, chequers_serial_rivers_micro_b,
          chequers_serial_rivers_room_b, chequers_serial_rivers_micro_c,
          kennysheep_generic_room_7
D:6:      layout_loops_cross, nicolae_ossuary_entry_false_entrances,
          serial_bayou_pond_e, uniq_edmund, uniq_grinder
D:7:      layout_rooms, mainiacjoe_overflow_six_doors_small,
          mainiacjoe_overflow_surrounded_room, dk_yredelemnul_ordeal,
          minmay_temple_entry_large_hall, dk_noncrumbling_3,
          nicolae_elevator_lobby_asterisk, uniq_duvessa
D:8:      layout_basic, minmay_overflow_temple_star_quad,
          grunt_temple_overflow_diamond, elyvilon_altar_3

Skill      XL: |  1  2  3  4  5  6  7  8  9 |
---------------+----------------------------+-----
Stealth        | 2 3 4 5 |  5.0
Dodging        | 2 3 4 |  4.9
Ice Magic      | 4 5 6 7 |  7.5
Fighting       | 1 2 3 4 |  4.8
Spellcasting   | 3 4 6 |  6.9

Action                   |  1- 3 |  4- 6 |  7- 9 || total
-------------------------+-------+-------+-------++-------
Melee: Short sword       |    75 |    63 |       ||   138
       Unarmed           |     2 |       |       ||     2
       Punch             |     2 |     3 |       ||     5
       Long sword        |       |    54 |       ||    54
       Whip              |       |    84 |   233 ||   317
       Dagger            |       |       |    62 ||    62
 Cast: Freeze            |    44 |    19 |     7 ||    70
       Frozen Ramparts   |       |     9 |    10 ||    19
       Ozocubu's Armour  |       |       |    24 ||    24
       Hailstorm         |       |       |     2 ||     2
Evoke: Wand              |       |       |     2 ||     2
  Use: Scroll            |       |       |    22 ||    22
 Stab: Sleeping          |     3 |     6 |     2 ||    11
Armor: Leather armour    |    41 |   127 |   125 ||   293
       Robe              |     1 |       |    12 ||    13
       Skin              |       |       |     3 ||     3
Dodge: Dodged            |    72 |   148 |   212 ||   432
